 Dungeon Crawl Stone Soup version 0.18.1-50-g88ac8fd (webtiles) character file.

25 Gargoyl the Skirmisher (level 2, -1/24 HPs)
             Began as a Demonspawn Abyssal Knight on Oct 1, 2016.
             Was a Follower of Lugonu.
             Slain by Terence
             ... wielding a +5 hand axe of freezing
              (5 damage)
             ... on level 2 of the Dungeon.
             The game lasted 00:02:25 (928 turns).

Gargoyl the Skirmisher (Demonspawn Abyssal Knight)   Turns: 928, Time: 00:02:27

Health: -1/24      AC:  7    Str: 12    XL:     2   Next: 86%
Magic:  3/3        EV:  9    Int: 13    God:    Lugonu [*.....]
Gold:   72         SH:  0    Dex: 12    Spells: 0 memorised, 1 level left

rFire  . . .     SeeInvis .     a - +1 hand axe
rCold  . . .     Gourm    .     d - +0 scale mail
rNeg   . . .     Faith    .     (no shield)
rPois  .         Spirit   .     (no helmet)
rElec  .         Dismiss  .     h - +0 cloak
rCorr  .         Reflect  .     (no gloves)
SustAt .         Harm     .     (no boots)
MR     .....                    (no amulet)
Stlth  +.........               (no ring)
                                (no ring)

@: not resistant to hostile enchantments, very unstealthy
A: nightstalker 1
a: Depart the Abyss, Renounce Religion


You were on level 2 of the Dungeon.
You worshipped Lugonu.
Lugonu was aware of your devotion.
You were not hungry.

You visited 1 branch of the dungeon, and saw 2 of its levels.
You visited the Abyss 1 time.

You collected 72 gold pieces.

Inventory:

Hand Weapons
 a - a +1 hand axe (weapon)
Missiles
 g - 4 poisoned javelins (quivered)
Armour
 d - a +0 scale mail (worn)
 h - a +0 cloak (worn)
Scrolls
 e - a scroll of random uselessness {unknown}
 i - a scroll of identify {unknown}
 j - a scroll of blinking {unknown}
Potions
 b - a potion of heal wounds {unknown}
Comestibles
 c - 2 bread rations
 f - 2 slices of pizza


   Skills:
 + Level 3.5 Fighting
 + Level 2.0 Axes
 * Level 2.3 Armour
 + Level 0.8 Dodging
 * Level 2.5 Invocations


You had one spell level left.
You didn't know any spells.

Dungeon Overview and Level Annotations

Branches:
Dungeon (2/15)

Altars:

Annotations:
D:2 Terence


Innate Abilities, Weirdness & Mutations

You are slightly more attuned to the shadows.


Message History

Terence hits you with a hand axe of freezing.
Terence freezes you.
You hit Terence but do no damage.
Terence hits you with a hand axe of freezing.
Terence freezes you.
You hit Terence but do no damage. Terence closely misses you.
You barely miss Terence. Terence completely misses you.
You closely miss Terence. Terence hits you but does no damage.
You slash Terence!
Terence is moderately wounded.
Terence hits you with a hand axe of freezing.
Terence freezes you.
You hit Terence.
Terence is heavily wounded.
Terence hits you with a hand axe of freezing.
* * * LOW HITPOINT WARNING * * *
Terence freezes you.
* * * LOW HITPOINT WARNING * * *
Terence hits you with a hand axe of freezing.
You die...

####........#.# #(...#...#.# #.##
#.†......#.###.#....#.#.# #.##
####........#..##†#.#..#.#.###.##
'..'........'>....#.#..# #.##...#
####........##.#.##.#..#.#.##...#
###########....#.#..#.#.##...#
##.#.#.#..#.#..#...#
#...#.#..#.##.#...#
##@@#.#..#.##.#...#
#[...#..#.##.#..<#
##...#..#.......##
#...#.......#....
#..#...######### #..#...###
#..#.....# #.#...#.# #.....#.#


You could see Terence.

Vanquished Creatures
  An ooze (D:1)
  5 giant cockroaches
  4 goblins
  3 hobgoblins
  A kobold (D:1)
  2 bats
  A giant newt (D:1)
  3 rats
20 creatures vanquished.

Notes
Turn   | Place    | Note
--------------------------------------------------------------
     0 | Abyss:1  | Gargoyl the Demonspawn Abyssal Knight began the quest for the Orb.
     0 | Abyss:1  | Reached XP level 1. HP: 18/18 MP: 2/2
    46 | Abyss:2  | Noticed a raiju
    46 | Abyss:2  | Noticed a raiju
    59 | Abyss:2  | Noticed a quasit
    61 | D:1      | Escaped the Abyss
    80 | D:1      | You fall through a shaft!
   293 | D:1      | Gained mutation: You are slightly more attuned to the shadows. [demonic ancestry]
   293 | D:1      | Reached XP level 2. HP: 23/24 MP: 3/3
   346 | D:1      | Reached * piety under Lugonu
   920 | D:2      | Noticed Terence
   928 | D:2      | Slain by Terence

Skill      XL: |  1  2 |
---------------+-------+-----
Armour         | 2 |  2.3
Axes           | 2 |  2.0
Fighting       | |  3.5
Dodging        | |  0.8
Invocations    | |  2.5

Action                   || total
-------------------------++-------
Melee: Hand axe          ||    63
Invok: Depart the Abyss  ||     1
Armor: Scale mail        ||    29
Dodge: Dodged            ||    37
